 Dungeon Crawl Stone Soup version 0.24-a0-365-ga4d96b6e6e (webtiles) character file.

Game seed: 9342790034135949932

81 MrOobling the Charmwright (level 4, 0/34 HPs)
             Began as a Demonspawn Skald on May 27, 2019.
             Slain by Purgy (3 damage)
             ... in a sewer.
             The game lasted 00:17:09 (2285 turns).

MrOobling the Charmwright (Demonspawn Skald)        Turns: 2285, Time: 00:17:10

Health: 0/34       AC:  6    Str: 11    XL:     4   Next: 19%
Magic:  7/7        EV: 11    Int: 14    God:
Gold:   161        SH:  0    Dex: 14    Spells: 4/7 levels left

rFire    . . .     SeeInvis .   w - +0 trident
rCold    . . .     Gourm    .   (no shield)
rNeg     . . .     Faith    .   s - +0 ring mail (curse)
rPois    .         Spirit   .   (helmet restricted)
rElec    .         Reflect  .   (no cloak)
rCorr    .         Harm     .   (no gloves)
MR       .....                  v - +0 pair of boots
Stlth    +.........             (no amulet)
HPRegen  0.11/turn              (no ring)
MPRegen  0.10/turn              (no ring)

@: no status effects
A: horns 1, powered by death 1
a: no special abilities


You were in a sewer.
You were not hungry.

You visited 1 branch of the dungeon, and saw 4 of its levels.
You also visited: Sewer.

You collected 161 gold pieces.

Inventory:

Hand Weapons
 a - a +0 spear
 w - a +0 trident (weapon)
Missiles
 x - 8 javelins (quivered)
Armour
 b - a +0 leather armour
 h - a +0 scale mail
 i - a +0 chain mail
 s - a cursed +0 ring mail (worn)
 v - a +0 pair of boots (worn)
Jewellery
 f - an uncursed ring of protection from cold {unknown}
 n - an uncursed ring of protection from cold {unknown}
 o - an uncursed ring of ice {unknown}
 p - an uncursed ring of protection from magic {unknown}
 r - an uncursed ring of resist corrosion
 y - an uncursed ring of ice {unknown}
Scrolls
 e - 2 scrolls of teleportation {unknown}
 g - a scroll of enchant weapon {unknown}
 j - 2 scrolls of enchant armour {unknown}
 k - 6 scrolls of remove curse {unknown}
 m - 3 scrolls of identify {unknown}
Potions
 c - a potion of invisibility {unknown}
 l - a potion of curing {unknown}
 q - a potion of mutation {unknown}
 t - a potion of heal wounds {unknown}
 u - a potion of lignification {unknown}
 A - a potion of haste {unknown}
Comestibles
 d - 4 rations
 z - a chunk of flesh


   Skills:
 + Level 2.5 Fighting
 + Level 2.3 Polearms
 + Level 1.4 Armour
 + Level 2.2 Dodging
 + Level 2.4 Spellcasting
 - Level 3.0 Charms
 * Level 0.7 Translocations


You had 4 spell levels left.
You knew the following spells:

 Your Spells              Type           Power        Failure   Level  Hunger
a - Infusion              Chrm           ##..         16%         1    #......
b - Blink                 Tloc           N/A          52%         2    ###....

Your spell library contained the following spells:

 Spells                   Type           Power        Failure   Level  Hunger
 Song of Slaying          Chrm           ##......     24%         2    ###....
 Shroud of Golubria       Chrm/Tloc      #.........   36%         2    ###....
 Magic Dart               Conj           #...         47%         1    #......
 Call Imp                 Summ           #.......     63%         2    ###....
 Slow                     Hex            #.......     63%         2    ###....
 Regeneration             Chrm/Necr      #.........   65%         3    ###....
 Spectral Weapon          Hex/Chrm       #.......     65%         3    ###....
 Conjure Flame            Conj/Fire      #.......     85%         3    ###....
 Mephitic Cloud           Conj/Pois/Air  #.......     85%         3    ###....


Dungeon Overview and Level Annotations

Branches:
Dungeon (4/15)
 Temple: D:4-7

Altars:

Shops:
D:4 :

Annotations:
D:4 exclusion: upstairs Sewer Purgy


Innate Abilities, Weirdness & Mutations

You have a pair of small horns on your head.
You regenerate a little health from kills.


Message History

Purgy barely misses you. Purgy claws you but does no damage.
Purgy closely misses you.
You miss Purgy.
Purgy is lightly wounded.
Purgy bites you. Purgy closely misses you. Purgy claws you but does no damage.
You closely miss Purgy. You headbutt Purgy.
Purgy is moderately wounded.
Purgy snarls, "Go!
Away!"
Purgy bites you but does no damage. Purgy misses you. Purgy claws you.
You completely miss Purgy.
Purgy is moderately wounded.
Purgy bites you. Purgy claws you. Purgy closely misses you.
You enter the shallow water.
Moving in this stuff is going to be slow.
Purgy bites you.
* * * LOW HITPOINT WARNING * * *
Purgy barely misses you. Purgy claws you.
* * * LOW HITPOINT WARNING * * *
Purgy barely misses you. x2; Purgy claws you.
You die...

#≈≈≈≈≈≈.## ##≈≈≈≈≈≈#
##≈≈≈≈.## #≈≈≈≈≈÷##
#≈≈≈≈≈≈≈###
#≈≈≈≈≈≈≈..### #
##≈≈≈≈≈≈≈..≈# #≈≈
#≈≈≈≈≈≈≈≈≈≈##### #.≈≈≈
##≈≈≈≈≈≈≈≈≈≈@#.##.≈≈≈≈≈
#≈≈≈≈≈≈≈≈≈≈≈T≈.≈≈≈≈≈≈≈
#≈≈≈≈≈≈≈≈≈≈≈≈≈≈≈≈≈≈≈≈≈
###≈≈≈≈≈≈≈≈≈≈≈≈≈≈≈≈≈≈≈
#≈≈≈≈≈≈≈≈≈≈≈≈≈≈≈≈≈≈≈
####≈≈≈≈≈≈≈≈≈≈≈≈≈≈≈≈
#≈≈≈≈≈≈≈≈≈≈≈≈≈≈≈≈
####≈≈#≈≈≈≈≈≈#≈≈≈
#≈≈####≈≈####≈


You could see Purgy.

Vanquished Creatures
  2 adders
  A dart slug (D:1)
  4 leopard geckos
  An orc (D:4)
  5 giant cockroaches
  6 goblins
  3 hobgoblins
  6 jackals
  5 kobolds
  2 ball pythons (Sewer)
  6 bats
  5 frilled lizards
  7 rats
53 creatures vanquished.

Notes
Turn   | Place    | Note
-------+----------+-------------------------------------------
     0 | D:1      | MrOobling the Demonspawn Skald began the quest for the Orb.
     0 | D:1      | Reached XP level 1. HP: 16/16 MP: 3/3
    93 | D:1      | Reached skill level 1 in Armour
   147 | D:1      | Gained mutation: You have a pair of small horns on your
                  | head. [demonic ancestry]
   147 | D:1      | Reached XP level 2. HP: 22/22 MP: 5/5
   977 | D:2      | Reached XP level 3. HP: 17/28 MP: 4/6
  1369 | D:2      | Learned a level 2 spell: Blink
  1883 | D:3      | Reached skill level 3 in Charms
  2112 | D:4      | Found Anois's Book Shoppe.
  2164 | D:4      | Found a glowing drain.
  2167 | D:4      | Gained mutation: You regenerate a little health from kills.
                  | [demonic ancestry]
  2167 | D:4      | Reached XP level 4. HP: 34/34 MP: 7/7
  2240 | Sewer    | Entered a sewer
  2274 | Sewer    | Noticed Purgy
  2285 | Sewer    | Slain by Purgy

Levels and vault maps discovered:
D:1:      psy_arrival_terrarium, layout_loops_ring, dk_noncrumbling_4
D:2:      layout_basic
D:3:      layout_basic, first_ration, due_unseen_surprise
D:4:      layout_loops_ring, portal_sewer_entry_f, serial_shops,
          nicolae_shop_stone, shop_statue, kennysheep_little_box,
          chequers_serial_rivers_micro_c, guppyfry_shop_venom
Sewer:    sewer_co_purgy_island

Skill      XL: |  1  2  3 |
---------------+----------+-----
Armour         | 1 |  1.4
Polearms       | 2 |  2.3
Dodging        | 2 |  2.2
Charms         | 3 |  3.0
Fighting       | |  2.5
Spellcasting   | |  2.4
Translocations | |  0.7

Action                   |  1- 3 |  4- 6 || total
-------------------------+-------+-------++-------
Melee: Spear             |   127 |       ||   127
       Headbutt          |    18 |     4 ||    22
       Trident           |    18 |    33 ||    51
  Eat: Chunk             |     4 |     1 ||     5
Armor: Leather armour    |     8 |       ||     8
       Chain mail        |    48 |       ||    48
       Ring mail         |    30 |    18 ||    48
Dodge: Dodged            |    80 |    37 ||   117

Table legend:
 A = Non-vault XP
 B = Vault XP
 C = Vault XP percentage of total XP
 D = Non-vault monster count
 E = Vault monster count
 F = Vault count percentage of total count
                 A         B        C        D         E       F
            +---------+---------+-------+---------+---------+-------
      Total |      96 |      20 |  17.2 |      42 |      11 |  20.8
            +---------+---------+-------+---------+---------+-------
        D:1 |      38 |       0 |   0.0 |      21 |       0 |   0.0
        D:2 |      35 |       0 |   0.0 |      16 |       0 |   0.0
        D:3 |      20 |       0 |   0.0 |       4 |       0 |   0.0
        D:4 |       3 |      15 |  83.3 |       1 |       6 |  85.7
      Sewer |       0 |       5 | 100.0 |       0 |       5 | 100.0
            +---------+---------+-------+---------+---------+-------
